 Dungeon Crawl Stone Soup version 0.24.1-8-ga250c9d538 (webtiles) character file.

Game seed: 12825033569866559096, levelgen mode: deterministic

153 Hugehornet the Changer (level 5, -1/33 HPs)
             Began as an Octopode Transmuter on May 6, 2020.
             Slain by a gnoll
             ... wielding a +0 spear
              (8 damage)
             ... on level 3 of the Dungeon.
             The game lasted 00:03:28 (2591 turns).

Hugehornet the Changer (Octopode Transmuter)        Turns: 2591, Time: 00:03:28

Health: -1/33      AC:  2    Str: 11    XL:     5   Next: 35%
Magic:  8/8        EV: 20    Int: 18    God:
Gold:   175        SH:  0    Dex: 22    Spells: 2/8 levels left

rFire    . . .     SeeInvis .     - Unarmed
rCold    . . .     Gourm    .   (shield currently unavailable)
rNeg     . . .     Faith    .   (helmet currently unavailable)
rPois    x         Spirit   .   (no amulet)
rElec    .         Reflect  .   b - +2 ring of intelligence
rCorr    .         Harm     .   i - +4 ring of dexterity
MR       .....     Rnd*Rage +   (no ring)
Stlth    +.........             (no ring)
HPRegen  0.11/turn              (no ring)
MPRegen  0.11/turn              (no ring)
                                (no ring)
                                (no ring)

@: confused, lethally poisoned (-1 -> -9), spider-form (expiring), flying
A: tiny, almost no armour, stealthy swim, (amphibious), 8 rings, (constrict 8),
berserk 1, deterioration 1, strong 1
a: End Transformation


You were on level 3 of the Dungeon.
You were not hungry.
You were a venomous arachnid creature.
You visited 1 branch of the dungeon, and saw 3 of its levels.

You collected 175 gold pieces.

Inventory:

Missiles
 a - 42 arrows
Jewellery
 b - a +2 ring of intelligence (left front leg)
 i - a +4 ring of dexterity (right front leg)
Wands
 m - a wand of enslavement (14)
Scrolls
 d - 2 scrolls of remove curse {unknown}
 e - 2 scrolls of immolation {unknown}
 g - a scroll of teleportation {unknown}
 h - 4 scrolls of identify {unknown}
 j - a scroll of magic mapping {unknown}
 l - a scroll of fog {unknown}
Comestibles
 c - 7 rations
 o - 4 chunks of flesh


   Skills:
 - Level 1.0 Fighting
 - Level 2.0 Dodging
 * Level 4.1 Unarmed Combat
 - Level 2.0 Spellcasting
 * Level 4.4 Transmutations
 - Level 1.0 Poison Magic


You had 2 spell levels left.
You knew the following spells:

 Your Spells              Type           Power        Failure   Level  Hunger
a - Beastly Appendage     Tmut           ###...       11%         1    #......
b - Sticks to Snakes      Tmut           ###.....     14%         2    ###....
c - Spider Form           Tmut/Pois      ##........   38%         3    ###....

Your spell library contained the following spells:

 Spells                   Type           Power        Failure   Level  Hunger
 Ice Form                 Ice/Tmut       #.......     78%         4    #####..
 Blade Hands              Tmut           ###.......   82%         5    ######.


Dungeon Overview and Level Annotations

Branches:
Dungeon (3/15)

Altars:

Annotations:
D:3 Robin


Innate Abilities, Weirdness & Mutations

You cannot wear most types of armour.
You are very stealthy in the water. (Stealth+)
((You are amphibious.))
You can wear up to eight rings at the same time.
((You can use your tentacles to constrict eight enemies at once.))
((Your skin changes colour to match your surroundings (Stealth+).))
((Your rubbery body absorbs attacks. (AC +1, EV +1)))
((You have a pair of small antennae on your head.))
You tend to lose your temper in combat.
Your body sometimes deteriorates upon taking damage.
Your muscles are strong. (Str +2)


Message History

You kill the gnoll!
* * * LOW HITPOINT WARNING * * *
You feel sick. The gnoll misses you.
It was a potion of flight.
You feel very buoyant.
You fly up into the air.
* * * LOW HITPOINT WARNING * * *
You feel sick. The gnoll hits you but does no damage.
It was a potion of ambrosia.
You are confused.
You feel invigorated.
* * * LOW HITPOINT WARNING * * *
You feel sick.
The gnoll hits you from afar with a +0 spear.
* * * LOW HITPOINT WARNING * * *
It was a potion of mutation.
You feel extremely strange.
You feel yourself wasting away. A pair of antennae grows on your head!
You feel a little pissed off.
You feel stronger.
The gnoll hits you from afar with a +0 spear!
You die...

#####........#
##...#.#.####.#
#..#...#.####.##
###.###...........
#....#.....####.##
#.##...#........#.
#.###.##.>#####...
#.# #.##........#.
#s# #.###.########
#)# # # #.# # #g#
# #.. # ###


You could see a gnoll.

Vanquished Creatures
  6 gnolls (D:3)
  An adder (D:2)
  An ooze (D:2)
  A worm (D:3)
  4 dart slugs
  2 leopard geckos
  2 ball pythons (D:2)
  3 giant cockroaches
  14 hobgoblins
  A quokka (D:2)
  5 bats
  3 frilled lizards
  10 goblins
  7 kobolds
  5 rats
65 creatures vanquished.

Notes
Turn   | Place    | Note
-------+----------+-------------------------------------------
     0 | D:1      | Hugehornet the Octopode Transmuter began the quest for the
                  | Orb.
     0 | D:1      | Reached XP level 1. HP: 13/13 MP: 3/3
    54 | D:1      | Reached XP level 2. HP: 18/18 MP: 5/5
    59 | D:1      | Learned a level 2 spell: Sticks to Snakes
   475 | D:1      | Reached XP level 3. HP: 23/23 MP: 4/6
   480 | D:1      | Learned a level 3 spell: Spider Form
  1248 | D:2      | Reached XP level 4. HP: 28/28 MP: 5/7
  1344 | D:2      | Reached skill level 1 in Poison Magic
  1969 | D:3      | Noticed Robin
  1987 | D:2      | HP: 1/28 [goblin/+0 dagger[Robin] (8)]
  2442 | D:3      | Reached XP level 5. HP: 23/33 MP: 5/8
  2591 | D:3      | Gained mutation: Your body sometimes deteriorates upon
                  | taking damage. [potion of mutation]
  2591 | D:3      | Gained mutation: You have a pair of small antennae on your
                  | head. [potion of mutation]
  2591 | D:3      | Gained mutation: You tend to lose your temper in combat.
                  | [potion of mutation]
  2591 | D:3      | Gained mutation: Your muscles are strong. (Str +2) [potion
                  | of mutation]
  2591 | D:3      | Slain by a gnoll

Levels and vault maps discovered:
D:1:      kennysheep_arrival_seaside, layout_basic
D:2:      cheibrodos_old_hovel, layout_loops_corners
D:3:      layout_loops_corners, nicolae_overflow_crystal_walls,
          old_standard_altar, dk_noncrumbling_4, uniq_robin

Skill      XL: |  1  2  3  4  5 |
---------------+----------------+-----
Transmutations | 3 4 |  4.4
Poison Magic   | 1 |  1.0
Unarmed Combat | 4 |  4.1
Fighting       | |  1.0
Dodging        | |  2.0
Spellcasting   | |  2.0

Action                   |  1- 3 |  4- 6 || total
-------------------------+-------+-------++-------
Melee: Unarmed           |    70 |    69 ||   139
       Kick              |    17 |     9 ||    26
       Constrict         |    19 |    18 ||    37
       Tentacles         |    11 |     7 ||    18
 Cast: Beastly Appendage |    20 |    14 ||    34
       Spider Form       |       |     2 ||     2
  Use: Potion            |       |     3 ||     3
 Stab: Sleeping          |     3 |     3 ||     6
  Eat: Chunk             |     1 |     5 ||     6
Armor: Skin              |     5 |     1 ||     6
Dodge: Dodged            |    37 |    51 ||    88
